AoeStats
← Huguini

Arabia

503276014Analyzed
1v1 RM · 3mo ago on Aug 30, 2026· 93m 33s· 2 players
Game mode
Random Map
Map size
Tiny (2 player)
Population
200
Speed
Normal
Resources
Standard
Victory
Conquest
Starting age
Dark Age
Ending age
Imperial Age
RankedLock teamsTeams togetherTeam positionsShared explorationLock speedFull tech treeHidden civsTurbo modeCheats
Victory
Defeat
🇵🇪 Lithuanians · Peru
1106
+17
vs
🇺🇸 Magyars · United States
1120
-17
Huguini
9:41 Feudal Age
9:04 Loom
10:37 Double-Bit Axe
10:35 Horse Collar
18:57 Castle Age
18:34 Wheelbarrow
19:09 Gold Mining
19:11 Stone Mining
20:21 Bow Saw
20:31 Bloodlines
21:38 Heavy Plow
22:37 Husbandry
25:47 Forging
25:29 Fletching
30:22 Ballistics
30:42 Scale Barding Armor
30:33 Bodkin Arrow
31:15 Elite Skirmisher
35:57 Imperial Age
34:34 Padded Archer Armor
34:44 Thumb Ring
35:42 Hand Cart
37:56 Chemistry
37:20 Treadmill Crane
39:02 Conscription
38:40 Town Watch
40:01 Light Cavalry
41:38 Town Patrol
41:45 Tower Shields
47:07 Squires
48:31 Crop Rotation
47:24 Pikeman
49:57 Forging
50:08 Chain Barding Armor
49:49 Scale Mail Armor
50:22 Halberdier
51:42 Iron Casting
51:59 Cavalier
54:46 Arson
56:00 Chain Mail Armor
57:02 Stone Shaft Mining
59:39 Chain Barding Armor
59:20 Bracer
59:35 Leather Archer Armor
65:28 Two-Man Saw
69:47 Plate Barding Armor
69:43 Ring Archer Armor
74:34 Paladin
Don Proton
5:41 Loom
8:55 Feudal Age
10:04 Double-Bit Axe
20:36 Castle Age
19:13 Wheelbarrow
19:03 Fletching
19:15 Padded Archer Armor
19:13 Horse Collar
21:44 Bow Saw
21:52 Bodkin Arrow
22:36 Scale Barding Armor
26:46 Leather Archer Armor
27:14 Bloodlines
27:05 Husbandry
29:56 Chain Barding Armor
31:03 Thumb Ring
30:32 Light Cavalry
31:28 Elite Skirmisher
37:00 Imperial Age
38:20 Parthian Tactics
39:14 Plate Barding Armor
40:34 Two-Man Saw
39:04 Cavalier
45:18 Hussar
51:16 Heavy Plow
52:02 Paladin
55:22 Ballistics
54:59 Murder Holes
56:05 Chemistry
57:34 Recurve Bow
57:38 Corvinian Army
57:59 Conscription
58:46 Bracer
65:01 Crop Rotation
64:54 Gold Mining
64:54 Stone Mining
68:15 Masonry
68:12 Siege Engineers
67:59 Guard Tower
68:31 Hand Cart
90:37 Pikeman
Connection lost

Rejoining the realm…

Still unreachable

The connection could not be restored.

Session expired

The server has moved on; the page needs a fresh start.